3AA
BELVEDERE PARK RAWHIDES @ YAKIMA HOPS
08/10/2034
 
TOP OF THE 1ST
Belvedere Park Rawhides batting - Pitching for Yakima Hops : LHP Felipe Lozano
Pitching: LHP Felipe Lozano
Batting: RHB Pat Sizemore 0-0: Ball
1-0: Ball
2-0: Called Strike
2-1: Fly out, F8 (Flyball, 8RXD)
Batting: SHB José Pinto 0-0: Ball
1-0: Ball
2-0: Ball
3-0: Base on Balls
Batting: RHB Min-gook Ch'oe 0-0: Ball
1-0: Called Strike
1-1: Called Strike
1-2: Foul Ball, location: 2F
1-2: Ball
Wild Pitch!
José Pinto to second
2-2: Ball
3-2: Ground out 5-3 (Groundball, 56)
Batting: RHB Stephen Webb 0-0: Ball
1-0: Foul Ball, location: 2F
1-1: Fly out, F7 (Flyball, 7S)
Top of the 1st over - 0 runs, 0 hits, 0 errors, 1 left on base; Belvedere Park 0 - Yakima 0
BOTTOM OF THE 1ST
Yakima Hops batting - Pitching for Belvedere Park Rawhides : LHP Billy Brooks
Pitching: LHP Billy Brooks
Batting: RHB Sergio Torres 0-0: Called Strike
0-1: Ball
1-1: Foul Ball, location: 2F
1-2: Ball
2-2: Ball
3-2: Fly out, F7 (Flyball, 7D)
Batting: RHB Vonne Navarrete 0-0: Called Strike
0-1: Ball
1-1: Ball
2-1: SINGLE (Line Drive, 8LS)
Batting: LHB Wulf Paauwe 0-0: Ball
1-0: Called Strike
1-1: Ball
2-1: Ball
3-1: Base on Balls
Vonne Navarrete to second
Batting: LHB Gustavo Deleón 0-0: Fielders Choice at 2nd, 5-4 (Groundball, 56)
Vonne Navarrete to third
Batting: RHB Carlo Beedle 0-0: Ball
1-0: Ball
2-0: Ball
3-0: Base on Balls
Gustavo Deleón to second
Batting: RHB Jeromy Gride 0-0: Ground out 5-3 (Groundball, 5S)
Bottom of the 1st over - 0 runs, 1 hit, 0 errors, 3 left on base; Belvedere Park 0 - Yakima 0
TOP OF THE 2ND
Belvedere Park Rawhides batting - Pitching for Yakima Hops : LHP Felipe Lozano
Batting: RHB Pat Lloyd 0-0: Ground out 6-3 (Groundball, 6S)
Batting: RHB Hang-ki Chung 0-0: Fly out, F9 (Flyball, 9S)
Batting: LHB Ken Gill 0-0: Called Strike
0-1: Ball
1-1: Ball
2-1: Ball
3-1: Base on Balls
Batting: RHB Mike Printup 0-0: Swinging Strike
0-1: Ball
1-1: Foul Ball, location: 2F
1-2: SINGLE (Groundball, 4D)
Ken Gill to second
Runner from 2nd tries for 3rd, SAFE, no throw
Batting: RHB Wallace Belyeu 0-0: Ball
1-0: Ball
2-0: Ball
3-0: Base on Balls
Mike Printup to second
Batting: RHB Pat Sizemore 0-0: Called Strike
0-1: Hit by Pitch
Ken Gill scores
Mike Printup to third
Wallace Belyeu to second
Batting: SHB José Pinto 0-0: Ball
1-0: SINGLE (Groundball, 56S) (infield hit)
Mike Printup scores
Wallace Belyeu to third
Pat Sizemore to second
Batting: RHB Min-gook Ch'oe 0-0: Called Strike
0-1: Ball
1-1: Ball
2-1: Ball
3-1: Foul Ball, location: 2F
3-2: Foul Ball, location: 2F
3-2: Fly out, F8 (Flyball, 8RM)
Top of the 2nd over - 2 runs, 2 hits, 0 errors, 3 left on base; Belvedere Park 2 - Yakima 0
BOTTOM OF THE 2ND
Yakima Hops batting - Pitching for Belvedere Park Rawhides : LHP Billy Brooks
Batting: LHB Héctor Velázquez 0-0: Called Strike
0-1: Ball
1-1: Called Strike
1-2: Foul Ball, location: 2F
1-2: Foul Ball, location: 2F
1-2: Strikes out swinging
Batting: RHB George Hubbard 0-0: Called Strike
0-1: Ground out 4-3 (Groundball, 4D)
Batting: SHB Zack Murphy 0-0: Called Strike
0-1: Fly out, F8 (Flyball, 8LS)
Bottom of the 2nd over - 0 runs, 0 hits, 0 errors, 0 left on base; Belvedere Park 2 - Yakima 0
TOP OF THE 3RD
Belvedere Park Rawhides batting - Pitching for Yakima Hops : LHP Felipe Lozano
Batting: RHB Stephen Webb 0-0: Called Strike
0-1: Ground out 6-3 (Groundball, 6)
Batting: RHB Pat Lloyd 0-0: Foul Ball, location: 2F
0-1: Foul Ball, location: 2F
0-2: DOUBLE (Flyball, 8LD)
Batting: RHB Hang-ki Chung 0-0: Fly out, F9 (Flyball, 89D)
Runner from 2nd tags up, SAFE at 3rd with throw
Batting: LHB Ken Gill 0-0: Ball
1-0: Ball
2-0: Ball
3-0: Base on Balls
Batting: RHB Mike Printup 0-0: Ball
1-0: Ball
2-0: Ground out 4-3 (Groundball, 4)
Top of the 3rd over - 0 runs, 1 hit, 0 errors, 2 left on base; Belvedere Park 2 - Yakima 0
BOTTOM OF THE 3RD
Yakima Hops batting - Pitching for Belvedere Park Rawhides : LHP Billy Brooks
Batting: RHB Sergio Torres 0-0: Called Strike
0-1: Hit by Pitch
Batting: RHB Vonne Navarrete 0-0: Grounds into double play, 5-4-3 (Groundball, 5)
Batting: LHB Wulf Paauwe 0-0: Ball
1-0: Foul Ball, location: 2F
1-1: SINGLE (Groundball, 3D)
Batting: LHB Gustavo Deleón 0-0: Ball
1-0: Called Strike
1-1: Ball
2-1: Foul Ball, location: 2F
2-2: Ball
3-2: Base on Balls
Wulf Paauwe to second
Batting: RHB Carlo Beedle 0-0: Foul Ball, location: 2F
0-1: SINGLE (Groundball, 6MD)
Wulf Paauwe to third
Gustavo Deleón to second
Runner from 3rd tries for Home, SAFE, throw made home
Now in CF: Woodrow McGuire
Batting: RHB Jeromy Gride 0-0: Swinging Strike
0-1: Foul Ball, location: 2F
0-2: DOUBLE (Line Drive, 7LD)
Gustavo Deleón scores
Carlo Beedle to third
Batting: LHB Héctor Velázquez 0-0: Ground out 4-3 (Groundball, 4D)
Bottom of the 3rd over - 2 runs, 3 hits, 0 errors, 2 left on base; Belvedere Park 2 - Yakima 2
TOP OF THE 4TH
Belvedere Park Rawhides batting - Pitching for Yakima Hops : LHP Felipe Lozano
Batting: RHB Wallace Belyeu 0-0: Foul Ball, location: 2F
0-1: SINGLE (Flyball, 78M)
Batting: RHB Pat Sizemore 0-0: Called Strike
0-1: Fielders Choice at 2nd, 3-6 (Groundball, 3)
Batting: RHB Woodrow McGuire 0-0: Called Strike
0-1: Ball
1-1: Swinging Strike
1-2: Fly out, F3 (Popup, 3SF)
Batting: RHB Min-gook Ch'oe 0-0: Ball
1-0: Foul Ball, location: 2F
1-1: Called Strike
1-2: Ball
2-2: Foul Ball, location: 2F
2-2: Ball
3-2: Base on Balls
Pat Sizemore to second
Batting: RHB Stephen Webb 0-0: Ball
1-0: Called Strike
1-1: Foul Ball, location: 2F
1-2: Strikes out swinging
Top of the 4th over - 0 runs, 1 hit, 0 errors, 2 left on base; Belvedere Park 2 - Yakima 2
BOTTOM OF THE 4TH
Yakima Hops batting - Pitching for Belvedere Park Rawhides : LHP Billy Brooks
Batting: RHB George Hubbard 0-0: SINGLE (Line Drive, 89S)
Batting: SHB Zack Murphy 0-0: Fielders Choice at 2nd, 4-6 (Groundball, 34)
Batting: RHB Sergio Torres 0-0: Ball
1-0: Ball
2-0: Fly out, F9 (Flyball, 9LS)
Batting: RHB Vonne Navarrete 0-0: Ball
1-0: Foul Ball, location: 2F
1-1: Ball
2-1: Ball
3-1: Foul Ball, location: 2F
3-2: Ground out 6-3 (Groundball, 6)
Bottom of the 4th over - 0 runs, 1 hit, 0 errors, 1 left on base; Belvedere Park 2 - Yakima 2
TOP OF THE 5TH
Belvedere Park Rawhides batting - Pitching for Yakima Hops : LHP Felipe Lozano
Batting: RHB Pat Lloyd 0-0: Foul Ball, location: 2F
0-1: Ground out 6-3 (Groundball, 6)
Batting: RHB Hang-ki Chung 0-0: Called Strike
0-1: Ball
1-1: Ball
2-1: Ground out U3 (Groundball, 34)
Batting: LHB Ken Gill 0-0: Ball
1-0: Ball
2-0: Ball
3-0: Called Strike
3-1: Base on Balls
Batting: RHB Mike Printup 0-0: Called Strike
0-1: Ball
1-1: SINGLE (Line Drive, 78S)
Ken Gill to second
Pitching: RHP Rodrigo Hagen
Batting: RHB Wallace Belyeu 0-0: Called Strike
0-1: Ball
1-1: Called Strike
1-2: Foul Ball, location: 2F
1-2: Foul Ball, location: 2F
1-2: Foul Ball, location: 2F
1-2: TRIPLE (Flyball, 89XD)
Ken Gill scores
Mike Printup scores
Batting: RHB Pat Sizemore 0-0: Called Strike
0-1: Ball
1-1: Foul Ball, location: 2F
1-2: Ball
2-2: Strikes out swinging
Top of the 5th over - 2 runs, 2 hits, 0 errors, 1 left on base; Belvedere Park 4 - Yakima 2
BOTTOM OF THE 5TH
Yakima Hops batting - Pitching for Belvedere Park Rawhides : LHP Billy Brooks
Batting: LHB Wulf Paauwe 0-0: Ball
1-0: Ball
2-0: Foul Ball, location: 2F
2-1: SINGLE (Flyball, 9LS)
Batting: LHB Gustavo Deleón 0-0: Called Strike
0-1: Ball
1-1: SINGLE (Line Drive, 89S)
Wulf Paauwe to second
Batting: RHB Carlo Beedle 0-0: Ball
1-0: SINGLE (Line Drive, 6M)
Wulf Paauwe to third
Gustavo Deleón to second
Runner from 3rd tries for Home, SAFE, no throw
Batting: RHB Jeromy Gride 0-0: Ball
1-0: Foul Ball, location: 2F
1-1: Ball
2-1: DOUBLE (Line Drive, 7D)
Gustavo Deleón scores
Carlo Beedle to third
Batting: LHB Héctor Velázquez 0-0: Called Strike
0-1: Called Strike
0-2: Strikes out swinging, 2-3 out at first.
Batting: RHB George Hubbard 0-0: Ball
1-0: Ball
2-0: Ground out 6-3 (Groundball, 6D)
Carlo Beedle scores
Batting: SHB Zack Murphy 0-0: Ball
1-0: Fly out, F8 (Line Drive, 8RS)
Bottom of the 5th over - 3 runs, 4 hits, 0 errors, 1 left on base; Belvedere Park 4 - Yakima 5
TOP OF THE 6TH
Belvedere Park Rawhides batting - Pitching for Yakima Hops : RHP Rodrigo Hagen
Batting: RHB Woodrow McGuire 0-0: Ground out 6-3 (Groundball, 6)
Batting: RHB Min-gook Ch'oe 0-0: Ball
1-0: Called Strike
1-1: Called Strike
1-2: Ball
2-2: Ball
3-2: Strikes out looking
Batting: RHB Stephen Webb 0-0: Ball
1-0: Ball
2-0: Ball
3-0: Base on Balls
Batting: RHB Pat Lloyd 0-0: Ball
1-0: Called Strike
1-1: Ball
2-1: Fly out, F8 (Flyball, 89D)
Top of the 6th over - 0 runs, 0 hits, 0 errors, 1 left on base; Belvedere Park 4 - Yakima 5
BOTTOM OF THE 6TH
Yakima Hops batting - Pitching for Belvedere Park Rawhides : LHP Billy Brooks
Pitching: RHP Sam Pelsize
Batting: RHB Sergio Torres 0-0: Called Strike
0-1: Ball
1-1: Swinging Strike
1-2: Foul Ball, location: 2F
1-2: Ball
2-2: Fly out, F5 (Line Drive, 5L)
Batting: RHB Vonne Navarrete 0-0: Swinging Strike
0-1: Swinging Strike
0-2: Strikes out looking
Batting: LHB Wulf Paauwe 0-0: Ball
1-0: Foul Ball, location: 2F
1-1: Ball
2-1: Ball
3-1: Ground out U3 (Groundball, 3)
Bottom of the 6th over - 0 runs, 0 hits, 0 errors, 0 left on base; Belvedere Park 4 - Yakima 5
TOP OF THE 7TH
Belvedere Park Rawhides batting - Pitching for Yakima Hops : RHP Rodrigo Hagen
Batting: RHB Hang-ki Chung 0-0: Ball
1-0: Ball
2-0: SINGLE (Line Drive, 6M)
Batting: LHB Ken Gill 0-0: Bunted foul
0-1: Bunt missed!
0-2: Fly out, F3 (Popup, 3SF)
Batting: RHB Mike Printup 0-0: Called Strike
0-1: Fly out, F8 (Line Drive, 89M)
Pinch Hitting: LHB Connor Petty 0-0: Swinging Strike
0-1: Ball
1-1: Foul Ball, location: 2F
1-2: Strikes out swinging
Top of the 7th over - 0 runs, 1 hit, 0 errors, 1 left on base; Belvedere Park 4 - Yakima 5
BOTTOM OF THE 7TH
Yakima Hops batting - Pitching for Belvedere Park Rawhides : RHP Sam Pelsize
Now in LF: Connor Petty
Batting: LHB Gustavo Deleón 0-0: Called Strike
0-1: Foul Ball, location: 2F
0-2: Ball
1-2: SINGLE (Groundball, 56D)
Batting: RHB Carlo Beedle 0-0: Called Strike
0-1: SINGLE (Flyball, 9LS)
Gustavo Deleón to second
Runner from 2nd tries for 3rd, SAFE, no throw
Batting: RHB Jeromy Gride 0-0: Called Strike
0-1: Swinging Strike
0-2: Ball
1-2: Ball
2-2: Ball
3-2: Base on Balls
Carlo Beedle to second
Batting: LHB Héctor Velázquez 0-0: Fly out, F8 (Flyball, 8RD)
Runner from 3rd tags up, SCORES, no throw
Batting: RHB George Hubbard 0-0: Ball
1-0: Fly out, F7 (Flyball, 7S)
Lined into DP, 7-4 (Flyball, 7S)
Bottom of the 7th over - 1 run, 2 hits, 0 errors, 1 left on base; Belvedere Park 4 - Yakima 6
TOP OF THE 8TH
Belvedere Park Rawhides batting - Pitching for Yakima Hops : RHP Rodrigo Hagen
Now at C: Nicholas Seal
Batting: RHB Pat Sizemore 0-0: Ball
1-0: Ball
2-0: Called Strike
2-1: Fly out, F8 (Flyball, 8RM)
Batting: RHB Woodrow McGuire 0-0: Called Strike
0-1: Foul Ball, location: 2F
0-2: Strikes out swinging
Batting: RHB Min-gook Ch'oe 0-0: Called Strike
0-1: Swinging Strike
0-2: Ball
1-2: Strikes out looking
Top of the 8th over - 0 runs, 0 hits, 0 errors, 0 left on base; Belvedere Park 4 - Yakima 6
BOTTOM OF THE 8TH
Yakima Hops batting - Pitching for Belvedere Park Rawhides : RHP Sam Pelsize
Batting: SHB Zack Murphy 0-0: Called Strike
0-1: Swinging Strike
0-2: Ball
1-2: Foul Ball, location: 2F
1-2: Ball
2-2: Strikes out swinging, 2-3 out at first.
Batting: RHB Sergio Torres 0-0: Ball
1-0: Ground out U3 (Groundball, 34)
Batting: RHB Vonne Navarrete 0-0: Ball
1-0: SINGLE (Line Drive, 3D)
Batting: LHB Wulf Paauwe 0-0: Ball
1-0: Called Strike
1-1: Foul Ball, location: 2F
1-2: Hit by Pitch
Vonne Navarrete to second
Batting: LHB Gustavo Deleón 0-0: Called Strike
0-1: Ball
1-1: Reached on error, E5 (Groundball, 56)
Vonne Navarrete to third
Wulf Paauwe to second
Batting: RHB Nicholas Seal 0-0: Ball
1-0: Ball
2-0: Fly out, F8 (Flyball, 8RS)
Bottom of the 8th over - 0 runs, 1 hit, 1 error, 3 left on base; Belvedere Park 4 - Yakima 6
TOP OF THE 9TH
Belvedere Park Rawhides batting - Pitching for Yakima Hops : RHP Rodrigo Hagen
Pitching: RHP Pieter Spitsbaard
Now at 3B: Luis León
Batting: RHB Stephen Webb 0-0: Called Strike
0-1: Foul Ball, location: 2F
0-2: Ball
1-2: Ball
2-2: Ground out 4-3 (Groundball, 4)
Batting: RHB Pat Lloyd 0-0: Ball
1-0: SINGLE (Groundball, 56D)
Batting: RHB Hang-ki Chung 0-0: 2-RUN HOME RUN (Flyball, 7LD), Distance : 354 ft
Batting: LHB Ken Gill 0-0: Called Strike
0-1: Fly out, F3 (Line Drive, 3S)
Batting: RHB Mike Printup 0-0: Called Strike
0-1: Called Strike
0-2: Ball
1-2: SINGLE (Line Drive, 4D)
Batting: LHB Connor Petty 0-0: Called Strike
0-1: Fly out, F8 (Flyball, 8RS)
Top of the 9th over - 2 runs, 3 hits, 0 errors, 1 left on base; Belvedere Park 6 - Yakima 6
BOTTOM OF THE 9TH
Yakima Hops batting - Pitching for Belvedere Park Rawhides : RHP Sam Pelsize
Batting: RHB Jeromy Gride 0-0: Foul Ball, location: 2F
0-1: Ball
1-1: Fly out, F8 (Flyball, 78M)
Batting: LHB Héctor Velázquez 0-0: SINGLE (Flyball, 8RS)
Batting: RHB George Hubbard 0-0: Ball
1-0: Ball
2-0: Called Strike
2-1: Foul Ball, location: 2F
2-2: Ball
Héctor Velázquez is caught stealing 2nd base
3-2: Strikes out swinging
Bottom of the 9th over - 0 runs, 1 hit, 0 errors, 0 left on base; Belvedere Park 6 - Yakima 6
TOP OF THE 10TH
Belvedere Park Rawhides batting - Pitching for Yakima Hops : RHP Pieter Spitsbaard
Pitching: RHP Justin Furneaux
Batting: RHB Pat Sizemore 0-0: Ball
1-0: Foul Ball, location: 2F
1-1: Swinging Strike
1-2: Ball
2-2: Ball
3-2: Base on Balls
Batting: RHB Woodrow McGuire 0-0: Called Strike
0-1: Sac Bunt - play at first, batter OUT! 1-4
Pat Sizemore to second
Batting: RHB Min-gook Ch'oe 0-0: Ball
Wild Pitch!
Pat Sizemore to third
1-0: Called Strike
1-1: Called Strike
1-2: DOUBLE (Line Drive, 89XD)
Pat Sizemore scores
Batting: RHB Stephen Webb 0-0: Ball
1-0: Ball
2-0: Ball
3-0: Base on Balls
Pinch Runner at 2nd Carlos Amaya:
Batting: RHB Pat Lloyd 0-0: Ball
1-0: Called Strike
1-1: Ball
2-1: Foul Ball, location: 2F
2-2: Foul Ball, location: 2F
2-2: Ball
3-2: SINGLE (Line Drive, 56D)
Carlos Amaya to third
Stephen Webb to second
Runner from 3rd tries for Home, throw and OUT!
Stephen Webb to third
Pat Lloyd to second
Batting: RHB Hang-ki Chung 0-0: Ball
1-0: Foul Ball, location: 2F
1-1: Ball
2-1: Called Strike
2-2: Ball
3-2: Fly out, F7 (Flyball, 7S)
Top of the 10th over - 1 run, 2 hits, 0 errors, 2 left on base; Belvedere Park 7 - Yakima 6
BOTTOM OF THE 10TH
Yakima Hops batting - Pitching for Belvedere Park Rawhides : RHP Sam Pelsize
Now at C: David Martínez
Batting: SHB Zack Murphy 0-0: Ball
1-0: Called Strike
1-1: Swinging Strike
1-2: Strikes out looking
Batting: RHB Sergio Torres 0-0: Called Strike
0-1: Ball
1-1: Ball
2-1: Ground out 6-3 (Groundball, 56)
Batting: RHB Luis León 0-0: Ball
1-0: Ground out 1-3 (Groundball, 15)
Bottom of the 10th over - 0 runs, 0 hits, 0 errors, 0 left on base; Belvedere Park 7 - Yakima 6
Friday, March 29th, 2019 - OOTP Baseball 18.8 Build 76